Map: World of Sleepers LE

Players

Neeb

  • Race: Protoss Protoss
  • Spawn Location: 1:00

thermostaat (uThermal) - Winner!

  • Race: Terran Terran
  • Spawn Location: 7:00

Event: Cheeseadelphia XI, Cheeseadelphia XI

VOD

Have the link to the VOD?

Description

Time

  • Played on: Dec. 14, 2019, 6:55 p.m.
  • Length: 24:15

All games in this series

Show
View Real Time Build Order
Export as new Build Order

Neeb Protoss 

Build Orders: 1 Gate Expand, Colossus Rush 

Get SALT Encoding   

  12  0:00  Probe  
  13  0:12  Probe  
  14  0:17  Pylon  
  14  0:24  Probe (Chrono Boost)  
  16  0:36  Probe (Chrono Boost), Gateway  
  16  0:43  Probe (Chrono Boost)  
  16  0:46  Assimilator  
  17  0:51  Probe  
  18  1:03  Probe  
  19  1:15  Probe  
  20  1:22  Nexus  
  20  1:31  Cybernetics Core  
  20  1:34  Probe  
  21  1:41  Assimilator  
  21  1:46  Probe  
  22  1:49  Pylon  
  22  1:58  Probe (Chrono Boost)  
  23  2:04  Adept (Chrono Boost)  
  23  2:08  Warp Gate  
  25  2:10  Probe (Chrono Boost)  
  26  2:15  Probe (Chrono Boost)  
  27  2:25  Probe  
  27  2:26  Stalker (Chrono Boost)  
  30  2:34  Probe  
  31  2:37  Probe  
  31  2:40  Pylon  
  32  2:46  Probe  
  32  2:48  Adept (Chrono Boost)  
  32  2:49  Probe  
  36  2:58  Gateway  
  36  3:00  Gateway  
  36  3:03  Probe  
  36  3:05  Probe  
  38  3:15  Probe  
  38  3:17  Probe  
  40  3:21  Robotics Facility  
  40  3:28  Probe (Chrono Boost)  
  40  3:29  Probe (Chrono Boost)  
  42  3:39  Pylon  
  42  3:40  Probe (Chrono Boost), Assimilator  
  42  3:41  Probe (Chrono Boost)  
  44  3:42  Assimilator  
  44  3:47  Probe (Chrono Boost)  
  44  3:48  Probe (Chrono Boost)  
  46  3:54  Probe  
  46  3:55  Probe  
  47  3:57  Adept x3  
  54  4:06  Probe  
  54  4:09  Probe  
  56  4:10  Robotics Bay  
  56  4:14  Pylon  
  56  4:19  Adept x3  
  56  4:22  Pylon  
  62  4:29  Warp Prism (Chrono Boost)  
  62  4:33  Probe x2  
  66  4:45  Probe x2, Sentry  
  66  4:46  Sentry  
  70  4:56  Disruptor (Chrono Boost)  
  70  4:57  Probe  
  70  4:59  Gravitic Drive (Chrono Boost)  
  74  5:00  Pylon  
  74  5:04  Stalker  
  76  5:09  Nexus  
  76  5:13  Shield Battery  
  76  5:17  Probe x2  
  78  5:21  Colossus (Chrono Boost)  
  84  5:32  Probe  
  84  5:33  Probe  
  84  5:34  Pylon  
  86  5:39  Pylon  
  86  5:40  Twilight Council  
  86  5:43  Extended Thermal Lance (Chrono Boost)  
  86  5:51  Pylon  
  86  5:52  Probe  
  86  5:54  Probe  
  88  6:04  Probe  
  88  6:06  Forge x2  
  88  6:09  Observer (Chrono Boost)  
  90  6:13  Stalker x3  
  90  6:14  Probe  
  97  6:22  Probe  
  97  6:24  Probe  
  97  6:25  Charge  
  99  6:26  Colossus (Chrono Boost), Probe  
  106  6:35  Probe  
  106  6:36  Pylon  
  106  6:38  Probe  
  108  6:42  Protoss Ground Weapons Level 1 (Chrono Boost)  
  108  6:47  Stalker x2  
  108  6:48  Stalker  
  108  6:52  Assimilator, Protoss Ground Armor Level 1 (Chrono Boost)  
  108  6:53  Assimilator  
  108  6:54  Probe x2  
  116  7:04  Gateway x2  
  116  7:05  Gateway  
  116  7:10  Colossus (Chrono Boost)  
  116  7:12  Pylon  
  122  7:24  Probe x2  
  124  7:32  Probe  
  126  7:37  Probe  
  126  7:38  Gateway  
  126  7:39  Gateway  
  115  7:44  Probe  
  116  7:53  Zealot x3  
  116  7:57  Nexus, Warp Prism (Chrono Boost)  
  124  7:59  Templar Archives, Pylon  
  124  8:05  Blink  
  124  8:09  Zealot x2  
  128  8:13  Pylon  
  128  8:15  Pylon  
  128  8:17  Pylon  
  128  8:19  Stalker x2  
  132  8:20  Stalker  
  132  8:21  Zealot  
  136  8:27  Pylon  
  136  8:30  Immortal (Chrono Boost)  
  140  8:35  Probe x2  
  140  8:37  Probe  
  140  8:38  Psionic Storm  
  143  8:47  High Templar x4, Probe x2  
  153  8:49  Probe  
  154  8:55  Protoss Ground Weapons Level 2 (Chrono Boost)  
  154  8:57  Protoss Ground Armor Level 2 (Chrono Boost)  
  154  8:59  Probe  
  154  9:02  Immortal  
  159  9:05  Pylon  
  159  9:17  Gateway  
  159  9:19  Gateway  
  159  9:21  Gateway  
  159  9:22  Stalker x3  
  159  9:23  Assimilator  
  159  9:24  Gateway  
  165  9:27  Assimilator  
  165  9:28  Zealot x2  
  169  9:34  Stalker x3  
  169  9:36  Probe (Chrono Boost)  
  169  9:37  Probe (Chrono Boost)  
  169  9:38  Probe (Chrono Boost)  
  159  9:42  Observer  
  156  9:48  Probe (Chrono Boost)  
  156  9:49  Probe (Chrono Boost)  
  156  9:50  Probe (Chrono Boost)  
  159  9:57  Probe (Chrono Boost)  
  159  9:58  Stalker x3  
  159  9:59  Zealot  
  167  10:01  Zealot  
  167  10:03  Probe, Zealot  
  167  10:05  Probe  
  163  10:07  Observer (Chrono Boost)  
  163  10:08  Probe  
  163  10:11  Probe  
  163  10:15  Probe (Chrono Boost)  
  163  10:20  Observer (Chrono Boost), Probe (Chrono Boost)  
  166  10:25  Probe (Chrono Boost), Photon Cannon  
  156  10:29  Probe (Chrono Boost)  
  156  10:30  Probe (Chrono Boost)  
  156  10:34  Probe (Chrono Boost)  
  155  10:36  Probe (Chrono Boost)  
  155  10:40  Observer, High Templar x2  
  155  10:41  High Templar x4, Zealot  
  169  10:44  Probe  
  169  10:48  Archon  
  169  10:49  Archon  
  170  10:50  Archon  
  170  10:55  Probe  
  170  10:56  Probe  
  170  10:57  Probe x2  
  171  11:03  Photon Cannon  
  172  11:08  Probe  
  172  11:13  Protoss Ground Weapons Level 3 (Chrono Boost)  
  172  11:19  Stalker x2  
  172  11:20  Protoss Ground Armor Level 3 (Chrono Boost)  
  171  11:28  Probe x2  
  171  11:30  Immortal  
  171  11:32  Probe  
  172  11:34  Probe  
  173  11:40  Probe, High Templar x3  
  173  11:41  Probe  
  181  11:50  Photon Cannon  
  181  11:51  Probe  
  181  11:53  Photon Cannon  
  178  11:56  Probe x2  
  178  11:57  Probe  
  181  12:03  Probe  
  181  12:04  Stalker  
  181  12:08  Probe x2  
  181  12:11  Stalker  
  184  12:18  Stalker  
  184  12:22  Probe  
  185  12:26  Stalker x2  
  187  12:36  Stalker x2  
  183  12:38  Probe  
  182  12:45  Stargate  
  182  12:47  Probe x2  
  184  12:52  Probe x2  
  186  13:01  Probe x2  
  188  13:08  Probe  
  188  13:09  Pylon, Probe  
  186  13:16  Pylon  
  185  13:20  Pylon  
  185  13:23  Probe  
  185  13:25  Stalker x2  
  188  13:29  Probe  
  189  13:38  Zealot x3  
  189  13:40  Probe  
  195  13:43  Probe  
  195  13:45  Stalker  
  195  13:46  Probe  
  195  13:47  Probe  
  192  13:52  Probe  
  192  13:55  Probe  
  194  13:58  Probe  
  194  14:01  Phoenix (Chrono Boost)  
  196  14:15  Protoss Shields Level 1 (Chrono Boost)  
  192  14:34  Void Ray  
  192  14:37  Nexus  
  186  14:39  Warp Prism  
  186  14:43  Zealot x3  
  190  14:47  Zealot  
  190  14:49  Probe  
  190  14:50  Probe  
  190  14:52  Probe  
  179  14:54  High Templar  
  179  14:55  High Templar  
  183  15:01  Probe  
  183  15:07  Stalker x2  
  183  15:10  Stalker  
  183  15:11  Probe  
  183  15:13  Probe  
  190  15:16  High Templar  
  190  15:17  High Templar  
  190  15:18  High Templar  
  176  15:33  Probe  
  141  15:39  High Templar x5  
  136  15:51  Probe  
  136  15:54  Probe (Chrono Boost)  
  120  15:57  Stalker, Archon  
  120  15:58  Archon  
  120  16:03  Probe (Chrono Boost)  
  125  16:06  Probe (Chrono Boost)  
  125  16:09  Probe (Chrono Boost)  
  118  16:12  Probe (Chrono Boost)  
  118  16:17  Assimilator  
  118  16:22  High Templar x5  
  118  16:23  High Templar  
  130  16:30  Nexus, Archon x2  
  130  16:31  Archon  
  124  16:43  Probe x3  
  124  16:47  Probe  
  125  16:55  Probe  
  125  16:56  Stalker x6  
  125  17:00  Probe  
  139  17:03  Probe  
  139  17:06  Probe  
  139  17:07  Probe  
  142  17:18  Pylon, Probe  
  142  17:19  Probe  
  142  17:20  Stalker  
  142  17:21  Stalker x5  
  156  17:29  Pylon  
  156  17:31  Dark Shrine  
  156  17:34  Gateway  
  156  17:35  Pylon  
  156  17:44  Observer  
  156  17:45  Stalker x3  
  156  17:50  Probe x2  
  156  17:51  Probe  
  165  17:52  Probe  
  165  17:53  Probe  
  165  17:54  Stalker  
  169  18:06  Probe  
  169  18:08  High Templar  
  169  18:09  High Templar  
  169  18:10  Photon Cannon  
  174  18:13  Stalker  
  174  18:15  Nexus, Probe  
  174  18:16  Probe, Shield Battery  
  178  18:26  Stalker  
  178  18:27  Stalker x3  
  184  18:36  Pylon  
  139  18:53  Colossus (Chrono Boost)  
  127  18:58  Stalker x4  
  127  19:01  Zealot x4  
  127  19:02  Probe x2  
  151  19:05  Probe  
  151  19:07  Probe  
  153  19:11  Observer  
  153  19:15  Gateway  
  153  19:16  Gateway  
  153  19:18  Gateway  
  153  19:20  Gateway  
  153  19:22  Dark Templar  
  155  19:27  Zealot x6  
  165  19:31  Colossus (Chrono Boost)  
  165  19:34  Assimilator  
  171  19:40  High Templar  
  169  20:08  Zealot x8  
  177  20:21  Colossus (Chrono Boost)  
  161  20:27  Zealot x3  
  161  20:28  Zealot x8  
  169  20:33  Robotics Facility  
  177  20:46  Nexus  
  169  20:53  Pylon  
  165  20:57  Zealot x11  
  176  21:12  Nexus  
  176  21:18  Pylon  
  175  21:21  Protoss Shields Level 2 (Chrono Boost)  
  175  21:22  Dark Templar x2  
  175  21:23  High Templar x3  
  175  21:24  Dark Templar x2  
  171  21:50  Colossus x2  
  171  21:51  Stalker x2  
  171  21:52  Archon  
  181  22:02  Pylon  
  177  22:12  Stalker x4  
  183  22:27  Pylon  
  183  22:29  Stalker x3  
  178  22:38  Warp Prism  
  149  22:48  High Templar  
  149  22:49  Zealot x5  
  149  22:53  Pylon  
  119  23:10  Immortal  
  120  23:20  Stalker x3  
  124  23:40  Stalker  
  124  23:41  Stalker  
  112  23:51  Stalker x2  
Show
View Real Time Build Order
Export as new Build Order

thermostaat Terran - Winner!

Build Orders: Reaper Expand 

Get SALT Encoding   

  12  0:01  SCV  
  13  0:13  SCV  
  14  0:17  Supply Depot  
  14  0:26  SCV  
  15  0:39  SCV  
  15  0:40  Barracks  
  16  0:43  Refinery  
  16  0:51  SCV  
  17  1:03  SCV  
  18  1:15  SCV  
  19  1:28  Orbital Command, Reaper  
  20  1:42  Command Center  
  20  1:50  Supply Depot  
  20  1:54  SCV  
  20  2:00  Marine  
  22  2:06  SCV  
  22  2:08  Factory  
  23  2:18  Bunker, SCV  
  23  2:20  Barracks Reactor  
  24  2:25  Refinery  
  24  2:30  SCV  
  25  2:42  SCV  
  26  2:56  Orbital Command, SCV, Widow Mine  
  26  2:57  Marine x2  
  31  3:01  Starport  
  31  3:08  SCV  
  32  3:15  Marine x2  
  32  3:17  Factory Tech Lab  
  34  3:20  SCV  
  34  3:23  SCV  
  36  3:32  SCV  
  36  3:33  Marine x2  
  39  3:35  SCV  
  39  3:36  Supply Depot  
  39  3:39  Siege Tank  
  43  3:43  Viking  
  43  3:44  SCV  
  46  3:55  Engineering Bay  
  46  3:58  SCV x2, Marine x2  
  49  4:08  Supply Depot  
  49  4:10  SCV  
  49  4:11  Siege Tank  
  49  4:15  SCV  
  54  4:23  Supply Depot  
  54  4:24  Missile Turret  
  54  4:29  Marine x2  
  54  4:30  SCV x2  
  58  4:42  SCV  
  58  4:44  Siege Tank  
  61  4:46  Command Center  
  61  4:47  SCV  
  61  4:49  Marine  
  63  4:54  SCV  
  63  4:57  Barracks  
  63  4:58  Marine  
  63  4:59  SCV  
  66  5:05  Supply Depot  
  66  5:06  SCV  
  67  5:09  Refinery  
  67  5:10  Marine  
  67  5:11  SCV, Refinery  
  69  5:17  Marine  
  70  5:23  Starport Tech Lab  
  70  5:26  SCV x2  
  70  5:27  Barracks  
  70  5:28  Marine  
  73  5:29  Supply Depot  
  73  5:30  Siege Tank  
  73  5:32  Terran Infantry Weapons Level 1  
  76  5:36  Marine  
  76  5:38  SCV  
  78  5:48  Armory  
  78  5:50  Starport Tech Lab, Marine  
  78  5:51  SCV x2  
  78  5:53  Stimpack, Supply Depot, Marine  
  78  5:54  Marine  
  83  6:01  Orbital Command  
  83  6:03  SCV, Siege Tank  
  87  6:05  SCV  
  87  6:08  Marine  
  89  6:13  Marine x2  
  89  6:14  Supply Depot  
  89  6:15  SCV, Starport Reactor  
  92  6:21  SCV  
  92  6:28  Barracks, Combat Shield, Marauder, Marine  
  92  6:29  Barracks  
  95  6:37  Drilling Claws  
  95  6:39  Missile Turret, Siege Tank  
  98  6:43  SCV  
  98  6:44  Missile Turret  
  98  6:45  Marine  
  98  6:46  Marauder  
  101  6:53  SCV, Marine  
  105  6:54  Marauder  
  105  6:55  Medivac  
  105  6:56  Orbital Command  
  105  6:57  Medivac  
  109  7:02  SCV  
  109  7:06  Missile Turret  
  110  7:09  Marauder  
  110  7:14  SCV  
  111  7:17  Engineering Bay, Barracks Reactor, Barracks Tech Lab  
  111  7:18  Widow Mine, Marine x2  
  111  7:20  SCV  
  116  7:29  Medivac  
  117  7:30  Orbital Command, Medivac  
  117  7:39  Marine  
  117  7:40  Marauder  
  111  7:46  Supply Depot  
  111  7:50  Terran Infantry Weapons Level 2  
  111  7:52  SCV  
  111  7:53  Terran Infantry Armor Level 1  
  111  7:55  SCV  
  113  8:00  SCV  
  113  8:02  Supply Depot  
  113  8:03  Marine  
  113  8:04  Marauder  
  117  8:08  SCV  
  117  8:10  SCV  
  117  8:11  Refinery  
  117  8:12  Refinery  
  119  8:13  Widow Mine  
  119  8:14  Widow Mine  
  119  8:15  Supply Depot, Marine x2  
  125  8:22  Missile Turret  
  125  8:23  Sensor Tower  
  125  8:24  SCV, Medivac  
  128  8:27  SCV x2  
  128  8:32  Supply Depot  
  130  8:35  Widow Mine  
  130  8:36  SCV, Medivac, Widow Mine  
  130  8:40  SCV x2  
  139  8:42  Supply Depot  
  139  8:48  SCV, Marine  
  139  8:53  SCV  
  139  8:54  Command Center, Concussive Shells  
  139  8:55  Supply Depot  
  142  8:57  Marine  
  142  8:58  Marauder  
  145  9:04  Liberator x2, Fusion Core, Terran Ship Weapons Level 1  
  145  9:05  SCV, Widow Mine x2  
  150  9:11  SCV, Supply Depot  
  150  9:13  Marine  
  150  9:14  Marauder  
  154  9:19  SCV  
  154  9:20  Supply Depot x2  
  161  9:26  Marauder, Marine  
  161  9:30  Widow Mine, Marine  
  165  9:33  Marauder  
  165  9:36  Marauder, Marine  
  166  9:39  Widow Mine  
  166  9:43  Supply Depot, Marine  
  163  9:47  Liberator, Marine  
  163  9:48  Marauder  
  163  9:49  Terran Infantry Armor Level 2  
  166  9:53  Marine, Starport  
  166  9:55  Marauder  
  166  9:57  Marine  
  170  10:02  Liberator  
  170  10:04  Marine  
  170  10:06  Marauder  
  175  10:13  Command Center, Marine, Marauder  
  178  10:15  Widow Mine x2  
  178  10:20  Sensor Tower  
  183  10:25  Marauder, Marine  
  175  10:29  Planetary Fortress  
  175  10:30  SCV  
  175  10:35  Marine  
  173  10:39  Advanced Ballistics  
  173  10:40  SCV, Refinery  
  173  10:41  Marine  
  173  10:42  Command Center  
  173  10:45  Marine  
  173  10:46  Marauder  
  172  10:50  Medivac x2  
  172  10:52  Missile Turret, SCV  
  173  10:57  Marine x2  
  173  10:58  Marauder  
  173  10:59  Missile Turret, SCV  
  173  11:01  Terran Ship Weapons Level 2  
  173  11:04  SCV  
  178  11:11  Marine  
  178  11:13  Marine  
  178  11:17  Command Center  
  180  11:18  Marine  
  180  11:19  SCV, Marauder  
  180  11:22  Liberator  
  180  11:23  Marine  
  180  11:24  Marauder, Widow Mine x2  
  191  11:39  Marine x2  
  197  11:40  Marauder x2  
  197  11:44  Ghost Academy  
  197  11:45  Terran Infantry Weapons Level 3  
  198  11:48  Marine x2  
  198  11:53  Command Center  
  198  11:56  Starport  
  198  11:59  Marine x2  
  200  12:06  Sensor Tower  
  200  12:14  Marine  
  199  12:17  Ghost  
  200  12:28  Viking x2  
  200  12:30  Terran Infantry Armor Level 3  
  200  12:32  Enhanced Shockwaves  
  200  12:36  Orbital Command  
  200  12:44  Orbital Command  
  200  12:47  Medivac  
  200  13:03  Starport Reactor  
  200  13:05  Barracks x2  
  200  13:07  Barracks  
  200  13:08  Orbital Command  
  200  13:09  Sensor Tower  
  200  13:28  Liberator  
  200  13:33  Liberator x2  
  199  13:48  Widow Mine  
  200  14:09  Barracks Tech Lab x2  
  200  14:11  Starport  
  200  14:13  Missile Turret  
  200  14:14  Missile Turret, Terran Ship Weapons Level 3  
  200  14:17  Command Center  
  200  14:22  Neosteel Armor  
  200  14:26  Liberator  
  200  14:27  Liberator  
  200  14:30  Liberator  
  200  14:31  Sensor Tower  
  200  14:35  Liberator  
  200  14:36  Liberator  
  198  14:45  Marauder, Marine  
  196  14:59  Starport Tech Lab, Marine  
  197  15:00  Marauder  
  197  15:04  Refinery  
  191  15:07  Hi-Sec Auto Tracking  
  191  15:09  Liberator, Refinery  
  191  15:13  Liberator, SCV  
  192  15:15  Liberator x2, Marine  
  192  15:16  Marauder  
  191  15:21  Missile Turret  
  191  15:24  Marine  
  191  15:25  Marauder  
  189  15:32  Marine  
  189  15:33  Marauder  
  189  15:34  Widow Mine  
  189  15:35  Liberator, Marine x2, Widow Mine, Marauder  
  159  15:37  Marauder  
  159  15:42  Marine  
  146  15:46  Marauder  
  134  15:50  Marine  
  134  15:53  Marine  
  134  15:54  Marauder x2  
  134  15:56  Marine, Widow Mine x2  
  141  15:59  Marauder  
  141  16:00  Marine  
  144  16:08  Marauder, Marine  
  144  16:11  SCV x5, Marine  
  141  16:15  Marauder  
  141  16:16  Planetary Fortress  
  141  16:17  Medivac  
  141  16:18  Medivac  
  146  16:23  SCV x2  
  148  16:26  SCV  
  148  16:27  Sensor Tower  
  148  16:29  Marine, Refinery  
  148  16:30  Marauder  
  148  16:31  Medivac  
  148  16:32  Missile Turret  
  152  16:34  SCV x2, Refinery  
  152  16:35  SCV, Marauder, Marine x3  
  152  16:36  Missile Turret, Marauder  
  162  16:40  SCV, Medivac  
  162  16:43  SCV  
  166  16:51  SCV  
  166  16:52  SCV  
  166  16:53  Viking x2  
  170  16:58  Marine x2  
  170  17:01  SCV  
  167  17:07  SCV  
  165  17:11  Medivac  
  165  17:15  SCV  
  168  17:16  SCV x3  
  168  17:18  Medivac  
  168  17:19  Ghost  
  175  17:24  Ghost, SCV  
  175  17:29  Medivac  
  180  17:31  Missile Turret  
  180  17:35  Ghost  
  182  17:40  Ghost  
  182  17:41  Marauder, Marine  
  182  17:42  Medivac  
  188  17:44  Marine  
  188  17:45  Marauder  
  188  17:49  SCV  
  188  17:51  Medivac, Command Center  
  192  17:56  Medivac, Command Center  
  196  18:00  Marine  
  196  18:01  Marauder  
  196  18:03  Marine  
  199  18:16  Marine  
  199  18:28  Marine  
  197  18:36  Marauder, Marine  
  189  18:41  Liberator  
  189  18:42  Liberator x5  
  189  18:45  Marine  
  189  18:46  Marauder  
  189  18:47  Marine  
  189  18:48  Marauder  
  160  18:49  Marine x2  
  160  18:53  Marine  
  154  18:57  Marine  
  154  19:02  SCV x2  
  175  19:03  Orbital Command, Marine  
  175  19:05  Marine  
  175  19:07  Marauder, Marine  
  175  19:08  SCV, Marauder  
  183  19:10  Marine  
  183  19:11  Marine  
  183  19:15  Marauder  
  187  19:19  SCV  
  187  19:21  Marine  
  187  19:23  Marine  
  190  19:25  Marauder  
  190  19:28  SCV x2, Marauder, Marine  
  190  19:29  Marauder, Marine  
  200  19:31  Planetary Fortress  
  200  19:33  Missile Turret  
  200  19:37  Marauder, Refinery  
  198  19:38  Marine  
  198  19:41  Marine  
  198  19:44  Missile Turret  
  200  19:46  Refinery x2  
  200  19:47  Sensor Tower  
  200  19:49  Missile Turret, Command Center  
  187  20:04  Orbital Command  
  184  20:11  Marine  
  184  20:12  Marauder  
  182  20:19  Marauder, Marine  
  182  20:20  Marine  
  182  20:21  Marauder  
  185  20:22  Liberator x2, Marauder, Marine  
  185  20:27  Medivac  
  185  20:29  Marine  
  185  20:33  Orbital Command, Marauder  
  188  20:36  Liberator x2  
  188  20:37  Marine  
  188  20:39  Missile Turret, Marauder, Marine  
  188  20:41  Marauder  
  188  20:42  Marine  
  196  20:44  Marauder  
  196  20:48  Marine  
  196  20:52  Medivac  
  196  20:54  Marine  
  196  20:55  Marauder  
  197  20:58  Marauder  
  197  20:59  Marine  
  197  21:02  Marine  
  197  21:05  Marauder  
  197  21:08  Marine  
  197  21:09  Marauder  
  197  21:12  Marine  
  197  21:15  Marine  
  197  21:17  Marine  
  200  21:30  Marine  
  194  21:32  Marine  
  194  21:33  Marauder  
  194  21:34  Marauder, Marine  
  194  21:38  Liberator x2  
  188  21:51  Marine  
  188  21:52  Marauder  
  195  22:13  Marauder, Marine  
  198  22:18  Marine  
  199  22:26  Marine  
  199  22:27  Marauder  
  192  22:33  Marine  
  192  22:34  Marauder  
  189  22:41  Marauder, Marine  
  186  22:50  Liberator x2  
  171  23:01  Marine  
  171  23:02  Marauder  
  171  23:04  Marine  
  171  23:05  Marauder  
  169  23:11  Command Center  
  169  23:12  Marauder, Marine  
  178  23:13  Marine  
  178  23:14  Marauder  
  178  23:19  Marine  
  181  23:23  Marauder  
  183  23:27  Marine  
  180  23:41  Widow Mine, Marine, Marauder  
  182  23:44  Widow Mine  
  173  23:49  Marine  
  173  23:50  Marine  
Tags
 
Add a new tag
Caveats
  • Supply blocks, unpowered buildings, or Contaminate may cause inaccurate times.
  • Supply counts are checked every 10 seconds.